Map: Cyber Forest LE

Players

Lambo

  • Race: Zerg Zerg
  • League: Grandmaster
  • Spawn Location: 11:00

Namshar - Winner!

  • Race: Zerg Zerg
  • League: Grandmaster
  • Spawn Location: 5:00

VOD

Have the link to the VOD?

Description

Time

  • Played on: Jan. 18, 2019, 3:34 p.m.
  • Length: 14:40
Show
View Real Time Build Order
Export as new Build Order

Lambo Zerg 

Build Orders: Hatch First, Lurkers 

Get SALT Encoding   

  12  0:01  Drone  
  13  0:13  Overlord  
  13  0:17  Drone  
  14  0:31  Drone x2  
  16  0:50  Hatchery  
  16  0:53  Drone  
  16  0:56  Drone  
  17  1:01  Drone  
  18  1:11  Extractor  
  17  1:16  Spawning Pool  
  16  1:18  Drone  
  16  1:22  Drone  
  18  1:29  Drone  
  19  1:44  Drone  
  20  1:52  Drone  
  21  2:02  Drone, Queen x2  
  21  2:03  Overlord  
  26  2:11  Drone  
  26  2:12  Metabolic Boost  
  26  2:15  Drone  
  28  2:24  Zergling x4  
  30  2:36  Hatchery  
  29  2:38  Drone  
  29  2:40  Drone  
  31  2:48  Drone  
  32  2:53  Zergling x2  
  32  2:56  Baneling Nest  
  32  3:01  Overlord  
  32  3:02  Drone  
  33  3:06  Drone  
  33  3:08  Drone  
  33  3:12  Drone  
  36  3:21  Zergling x6  
  36  3:23  Drone x3  
  42  3:28  Evolution Chamber, Overlord  
  42  3:33  Drone  
  42  3:37  Drone  
  42  3:40  Baneling x2  
  43  3:46  Drone x2, Queen  
  43  3:47  Drone  
  48  3:50  Drone  
  48  3:51  Drone  
  48  3:53  Drone  
  51  3:56  Zerg Missile Weapons Level 1  
  51  4:01  Drone x2  
  53  4:05  Extractor  
  53  4:06  Drone x2  
  53  4:07  Extractor  
  53  4:15  Drone x4  
  57  4:17  Overlord  
  57  4:22  Roach Warren, Drone  
  57  4:24  Drone  
  57  4:35  Lair  
  57  4:37  Drone x2  
  59  4:40  Overlord  
  59  4:42  Drone  
  60  4:47  Drone x4  
  60  4:50  Drone  
  60  4:51  Drone  
  60  4:52  Overlord, Pneumatized Carapace  
  66  5:00  Drone x3  
  66  5:01  Drone  
  66  5:03  Extractor  
  66  5:04  Drone  
  66  5:06  Drone  
  70  5:08  Baneling x2  
  70  5:09  Zergling x6  
  70  5:10  Drone, Zergling x2  
  70  5:11  Drone  
  70  5:13  Extractor  
  70  5:14  Extractor  
  73  5:16  Drone  
  74  5:21  Drone  
  74  5:24  Drone x2, Hatchery  
  76  5:29  Drone x4  
  76  5:33  Overlord  
  76  5:34  Evolution Chamber  
  79  5:39  Drone  
  79  5:45  Drone x2  
  79  5:48  Overlord  
  79  5:49  Drone  
  81  5:55  Overlord  
  80  5:57  Roach x4  
  80  6:03  Zerg Ground Armor Level 1  
  88  6:05  Glial Reconstitution, Zerg Missile Weapons Level 2  
  88  6:06  Overseer, Queen  
  88  6:07  Roach x3  
  96  6:11  Roach  
  96  6:13  Overlord  
  98  6:21  Overlord  
  98  6:22  Overlord  
  98  6:29  Roach x4  
  106  6:36  Roach x4  
  106  6:37  Roach x3  
  120  6:47  Baneling x4  
  120  6:51  Overlord x2  
  120  6:53  Baneling x4  
  120  6:54  Roach  
  120  6:55  Roach x4  
  120  6:56  Queen  
  132  7:02  Roach  
  132  7:03  Roach  
  132  7:06  Overlord  
  132  7:07  Overlord  
  132  7:08  Overlord  
  136  7:14  Burrow  
  136  7:15  Overlord  
  136  7:20  Roach x6  
  148  7:23  Tunneling Claws  
  148  7:27  Roach x4  
  156  7:32  Ravager x4  
  156  7:33  Overlord, Roach x2  
  164  7:41  Roach x2  
  164  7:42  Roach x3  
  174  7:45  Roach x2  
  174  7:46  Roach  
  174  7:49  Roach  
  174  7:50  Roach  
  184  7:57  Roach  
  184  7:58  Roach x2  
  188  8:02  Overlord  
  184  8:06  Overlord x2  
  182  8:14  Roach  
  184  8:22  Roach  
  184  8:23  Roach x3  
  184  8:27  Roach x4  
  200  8:33  Roach  
  200  8:41  Roach  
  198  8:49  Roach  
  198  8:50  Roach x10  
  198  8:55  Roach x9  
  200  9:03  Infestation Pit  
  200  9:05  Extractor x2  
  200  9:07  Roach x8  
  197  9:11  Hatchery, Roach x5  
  198  9:18  Roach  
  198  9:21  Roach  
  198  9:22  Roach x2  
  192  9:24  Roach x4  
  192  9:28  Roach x4  
  190  9:38  Roach  
  190  9:39  Roach x6  
  190  9:40  Roach  
  190  9:44  Roach x2  
  200  9:46  Roach x6  
  200  9:48  Roach x4  
  200  9:49  Roach  
  200  9:50  Roach x3  
  200  9:57  Roach  
  198  10:00  Hive  
  196  10:09  Roach x3  
  196  10:12  Roach x2  
  196  10:14  Roach x5  
  200  10:17  Overlord  
  200  10:18  Roach x6  
  200  10:19  Roach  
  198  10:23  Hydralisk Den  
  198  10:27  Roach x11  
  197  10:30  Roach x2  
  197  10:35  Roach x5  
  194  10:41  Roach x2  
  194  10:42  Roach  
  198  10:46  Roach x3  
  198  10:47  Roach  
  196  10:50  Roach x2  
  196  10:52  Roach x4  
  196  10:54  Roach  
  200  10:57  Grooved Spines  
  200  11:01  Lurker Den  
  200  11:03  Ravager  
  200  11:05  Roach x3  
  198  11:21  Roach x3  
  177  11:26  Roach x13  
  177  11:28  Ravager  
  177  11:32  Roach x10  
  185  11:36  Roach x3  
  185  11:39  Roach x3  
  165  11:44  Roach x2  
  157  11:50  Roach x4  
  149  11:57  Roach  
  137  12:04  Roach x2  
  139  12:08  Muscular Augments  
  139  12:10  Ravager x3  
  139  12:11  Ravager x2  
  139  12:13  Drone x3  
  139  12:14  Roach x4  
  139  12:15  Drone  
  144  12:19  Ravager  
  143  12:26  Hydralisk x2  
  149  12:31  Roach x5  
  147  12:37  Roach x4  
  147  12:42  Roach  
  147  12:43  Roach x2  
  161  12:46  Roach x2  
  161  12:48  Roach x3  
  149  12:51  Roach  
  149  12:52  Roach x4  
  142  12:58  Lurker  
  142  13:03  Roach x2  
  148  13:09  Hydralisk, Roach x4  
  138  13:20  Hydralisk x3  
  138  13:25  Extractor  
  138  13:26  Extractor  
  136  13:37  Hydralisk x4  
  142  13:42  Roach x4  
  142  13:48  Lurker x3  
  145  13:56  Lurker  
  145  13:57  Hydralisk x2  
  145  13:58  Roach  
  145  14:00  Roach x3  
  134  14:10  Roach x7  
  134  14:12  Roach  
  91  14:20  Roach  
Show
View Real Time Build Order
Export as new Build Order

Namshar Zerg - Winner!

Build Orders: Hatch First 

Get SALT Encoding   

  12  0:00  Drone  
  13  0:12  Overlord  
  13  0:17  Drone  
  14  0:31  Drone x2  
  14  0:34  Drone  
  17  0:53  Hatchery  
  17  0:56  Drone  
  17  0:59  Drone  
  18  1:10  Extractor  
  17  1:14  Spawning Pool  
  17  1:16  Drone  
  17  1:20  Drone  
  18  1:29  Drone  
  19  1:39  Drone  
  20  1:50  Overlord  
  20  2:01  Queen  
  20  2:05  Queen  
  20  2:06  Zergling x4  
  26  2:10  Metabolic Boost  
  26  2:11  Drone  
  27  2:16  Drone  
  27  2:22  Drone  
  29  2:26  Drone  
  30  2:33  Drone  
  31  2:38  Drone  
  31  2:41  Hatchery  
  31  2:45  Drone  
  31  2:49  Baneling Nest  
  31  2:53  Overlord  
  31  2:59  Drone  
  31  3:03  Drone  
  33  3:11  Drone  
  33  3:12  Drone x2  
  36  3:13  Zergling x4  
  36  3:16  Drone x2  
  36  3:19  Drone  
  41  3:23  Queen  
  43  3:28  Overlord  
  43  3:33  Overlord  
  43  3:36  Baneling  
  43  3:39  Baneling  
  42  3:42  Zergling x2  
  42  3:45  Evolution Chamber  
  42  3:47  Drone x2  
  42  3:48  Drone  
  45  3:51  Drone x2  
  45  3:52  Zergling x2  
  48  3:56  Drone x3  
  48  4:02  Drone x2  
  53  4:13  Overlord  
  53  4:14  Drone x2  
  55  4:25  Drone x6  
  55  4:30  Zerg Missile Weapons Level 1  
  61  4:33  Extractor  
  61  4:34  Extractor  
  61  4:35  Roach Warren  
  61  4:37  Drone, Overlord  
  61  4:38  Drone x5  
  64  4:41  Drone x2  
  66  4:53  Lair  
  66  4:56  Drone  
  66  4:57  Extractor  
  66  4:59  Drone x3  
  68  5:03  Drone x3, Pneumatized Carapace  
  68  5:04  Overlord  
  68  5:05  Drone x4  
  75  5:07  Extractor  
  75  5:08  Extractor  
  72  5:17  Drone x3  
  72  5:18  Drone  
  72  5:21  Hatchery  
  74  5:26  Evolution Chamber  
  73  5:31  Overlord  
  73  5:37  Zergling x4  
  73  5:42  Roach x4  
  87  5:43  Roach x2  
  87  5:48  Roach x2  
  86  6:00  Queen  
  86  6:03  Glial Reconstitution  
  85  6:07  Drone x3  
  85  6:08  Drone x2  
  89  6:12  Overseer  
  89  6:16  Overlord x2  
  88  6:25  Zerg Missile Weapons Level 2  
  88  6:26  Zerg Ground Armor Level 1  
  88  6:29  Drone x4  
  88  6:30  Overlord x3  
  88  6:31  Overlord  
  92  6:37  Roach  
  92  6:38  Queen  
  92  6:39  Roach  
  98  6:43  Roach x5  
  98  6:45  Overlord  
  108  6:53  Roach x5  
  118  7:00  Overlord x2  
  118  7:02  Roach  
  118  7:04  Ravager x2  
  118  7:05  Ravager x2  
  118  7:08  Roach x3  
  130  7:20  Roach x9  
  148  7:29  Roach  
  158  7:30  Roach x4  
  158  7:35  Overlord x2  
  158  7:39  Roach  
  158  7:42  Roach  
  158  7:43  Roach  
  164  7:45  Overseer  
  164  7:46  Ravager x2  
  164  8:00  Roach  
  164  8:01  Roach x9  
  184  8:12  Drone x2  
  176  8:13  Drone x2  
  176  8:15  Roach x6  
  176  8:18  Ravager x2  
  176  8:19  Overlord x2  
  192  8:40  Zerg Ground Armor Level 2  
  188  8:45  Extractor  
  185  8:51  Drone x3, Extractor  
  185  8:53  Drone x3  
  185  8:55  Drone  
  191  8:56  Roach, Hydralisk Den  
  191  8:57  Roach x4  
  200  9:13  Drone  
  200  9:14  Drone x7  
  197  9:20  Roach x2  
  174  9:37  Drone x3  
  176  9:39  Roach x10  
  176  9:42  Queen x2  
  196  9:47  Overseer  
  192  10:00  Roach  
  192  10:01  Roach x3  
  199  10:14  Drone x9  
  187  10:26  Roach  
  187  10:27  Roach x7  
  176  10:34  Roach x2  
  164  10:42  Queen  
  163  10:44  Drone x3  
  163  10:45  Ravager, Roach x3  
  163  10:46  Ravager x4  
  163  10:47  Ravager x2  
  178  10:52  Roach x2  
  180  10:58  Roach  
  180  10:59  Roach x3  
  180  11:01  Queen  
  190  11:07  Roach x2  
  190  11:25  Roach x8  
  149  11:33  Roach x5  
  149  11:44  Roach x4  
  155  11:52  Roach x2  
  119  12:11  Roach x6  
  131  12:20  Ravager x2  
  131  12:21  Ravager x2  
  135  12:25  Roach x4  
  143  12:31  Roach x2  
  143  12:37  Roach x3  
  143  12:55  Roach  
  143  12:56  Roach x8  
  141  13:09  Roach  
  141  13:10  Roach x3  
  144  13:24  Roach x4  
  148  13:39  Ravager  
  148  13:40  Ravager, Roach x4  
  158  13:49  Roach  
  158  13:50  Roach x2  
  164  13:59  Roach  
  164  14:00  Roach x2  
  128  14:19  Roach x5  
Tags
 
Add a new tag
Caveats
  • Supply blocks, unpowered buildings, or Contaminate may cause inaccurate times.
  • Supply counts are checked every 10 seconds.